[Event "Titled Tuesday Blitz April 18 Late 2023"]
[White "benny_aizenberg"]
[Black "Demchenko, Anton"]
[BlackFideId "4160258"]
[WhiteElo "2596"]
[BlackElo "2545"]
[Result "0-1"]
[Round "03"]
[TimeControl "180+2"]
[Date "2023.04.18"]
[WhiteClock "0:00:02"]
[BlackClock "0:00:20"]

1. e4 e5 2. Nf3 Nc6 3. Bc4 d6 4. O-O Bg4 5. Nc3 Nf6 6. d3 Nd4 7. Bg5 c6 8. Be3 Nxf3+ 9. gxf3 Bh5 10. Kh1 h6 11. Rg1 g5 12. Rg3 Bg6 13. d4 Qc7 14. d5 c5 15. Qe2 a6 16. a4 Be7 17. Rag1 Nh5 18. Rg4 Kf8 19. Kg2 Bf6 20. Kf1 Nf4 21. Bxf4 exf4 22. h4 Qe7 23. Qd2 Bh5 24. hxg5 hxg5 25. Rh1 Bxg4 26. Rxh8+ Bxh8 27. fxg4 Be5 28. f3 Kg7 29. Nd1 Rh8 30. Nf2 Qd7 31. b3 b5 32. axb5 axb5 33. Bd3 Qb7 34. Kg2 c4 35. bxc4 bxc4 36. Bxc4 Qb1 37. Bf1 Qa1 38. c4 Bd4 39. Nd3 Be3 40. Qc2 Ra8 41. Qb3 Ra2+ 0-1


[Site "https://www.chess.com"]

[Event "Titled Tuesday Blitz April 18 Late 2023"]
[White "Grigoriants, Sergey"]
[Black "Bruedigam, Martin"]
[WhiteFideId "4130804"]
[BlackFideId "24608033"]
[WhiteElo "2502"]
[BlackElo "2331"]
[Result "1-0"]
[Round "03"]
[TimeControl "180+2"]
[Date "2023.04.18"]
[WhiteClock "0:00:03"]
[BlackClock "0:00:10"]

1. d4 d5 2. c4 e6 3. Nc3 a6 4. cxd5 exd5 5. Nf3 Nf6 6. Bg5 Be6 7. e3 Nbd7 8. Bd3 c6 9. O-O Bd6 10. Nd2 Qc7 11. f4 Bg4 12. Qe1 h6 13. Bh4 g5 14. Bg3 O-O-O 15. Rc1 Rde8 16. Qf2 Kb8 17. b4 gxf4 18. Bxf4 Bxf4 19. exf4 Nb6 20. a4 Bc8 21. h3 Rhg8 22. Kh2 Qd6 23. b5 cxb5 24. axb5 a5 25. Rfe1 a4 26. Re5 Qb4 27. Ndb1 Nfd7 28. Nxd5 Qd6 29. Nxb6 Qxb6 30. Rxe8 Rxe8 31. Nc3 Nf6 32. Nxa4 Qd6 33. Nc5 Nd5 34. Rf1 b6 35. Ne4 Qc7 36. Ng3 Re3 37. Be4 1-0


[Site "https://www.chess.com"]

[Event "Titled Tuesday Blitz April 18 Late 2023"]
[White "Rodshtein, Maxim"]
[Black "Jimenez Almeida, Luis David"]
[WhiteFideId "2806851"]
[BlackFideId "22242244"]
[WhiteElo "2555"]
[BlackElo "2245"]
[Result "1-0"]
[Round "03"]
[TimeControl "180+2"]
[Date "2023.04.18"]
[WhiteClock "0:02:05"]
[BlackClock "0:00:34"]

1. b3 g6 2. Bb2 Nf6 3. c4 Bg7 4. g3 O-O 5. Bg2 a5 6. Nc3 c6 7. d4 d6 8. Nf3 Na6 9. O-O Nc7 10. e4 Bg4 11. h3 Bxf3 12. Bxf3 e5 13. d5 cxd5 14. cxd5 b5 15. Qd3 Qd7 16. Kg2 Rab8 17. Rfc1 Rfc8 18. Be2 b4 19. Na4 h5 20. Rc6 Na8 21. Rac1 Rxc6 22. Rxc6 h4 23. Bc1 hxg3 24. fxg3 Kh7 25. Bg5 Rc8 26. Qa6 Nc7 27. Qc4 Nfe8 28. Nb6 1-0


[Site "https://www.chess.com"]

[Event "Titled Tuesday Blitz April 18 Late 2023"]
[White "Flores, Diego"]
[Black "Szyszylo, Rafal"]
[WhiteFideId "108049"]
[BlackFideId "1109626"]
[WhiteElo "2613"]
[BlackElo "1951"]
[Result "1/2-1/2"]
[Round "03"]
[TimeControl "180+2"]
[Date "2023.04.18"]
[WhiteClock "0:00:22"]
[BlackClock "0:00:10"]

1. c4 g6 2. Nc3 Nf6 3. e4 d6 4. g3 Bg7 5. Bg2 O-O 6. Nge2 c6 7. d3 Nbd7 8. O-O a6 9. h3 e5 10. f4 b5 11. f5 b4 12. Na4 h5 13. Bg5 Nc5 14. Nxc5 dxc5 15. g4 hxg4 16. hxg4 Qd6 17. Bf3 Rd8 18. Qe1 Qxd3 19. Qh4 Rd6 20. Bxf6 Qe3+ 21. Qf2 Qxf2+ 22. Kxf2 Bxf6 23. Rad1 Bh4+ 24. Kg2 Rxd1 25. Rxd1 Be7 26. Nc1 Ra7 27. Nb3 Rd7 28. Rxd7 Bxd7 29. Na5 Kf8 30. Kf2 Ke8 31. Ke2 Kd8 32. Nb3 Kc7 33. Nc1 Bg5 34. Nd3 Kd6 35. b3 a5 36. Nb2 Bc1 37. Nd3 Bg5 38. Nb2 Bc8 39. Nd3 Ba6 40. Bg2 a4 41. Nb2 axb3 42. axb3 Bc8 43. Nd3 Ba6 44. Kf3 Bc8 45. Bf1 Bb7 46. Be2 Bc8 47. Bd1 Bb7 48. Bc2 Ba6 49. Nb2 Bc8 50. Na4 Bb7 51. Nb2 Bc8 52. Nd1 Bd7 53. Nf2 Bc8 54. Nh3 Bd2 55. Ng1 Bg5 56. Ke2 Bf4 57. Nh3 Bc1 58. Kf3 Bd2 59. Ke2 Bc1 60. Bd3 Ke7 61. Kf3 Kf6 62. Kg3 Bd2 63. Kf3 Bc1 64. Bc2 Bd2 65. Bd3 Bc1 1/2-1/2


[Site "https://www.chess.com"]

[Event "Titled Tuesday Blitz April 18 Late 2023"]
[White "Meunier-Pion, Jean"]
[Black "Duda, Jan-Krzysztof"]
[WhiteFideId "20685327"]
[BlackFideId "1170546"]
[WhiteElo "2124"]
[BlackElo "2790"]
[Result "0-1"]
[Round "03"]
[TimeControl "180+2"]
[Date "2023.04.18"]
[WhiteClock "0:00:05"]
[BlackClock "0:00:04"]

1. e4 c6 2. d4 d5 3. e5 c5 4. dxc5 e6 5. a3 Bxc5 6. b4 Be7 7. Bb2 a5 8. b5 Nd7 9. Qg4 g5 10. h4 h5 11. Qg3 g4 12. Bd3 Nc5 13. Ne2 Nh6 14. Nd4 Nxd3+ 15. cxd3 Nf5 16. Nxf5 exf5 17. a4 Be6 18. Nd2 Rc8 19. Kd1 d4 20. Qf4 Bxh4 21. Qxd4 Be7 22. Ke2 h4 23. Rac1 O-O 24. Rxc8 Qxc8 25. Rc1 Qb8 26. Qf4 Kg7 27. Nf1 Kg6 28. Ne3 Bg5 29. Qd4 Rd8 30. Qc3 f4 31. Nc4 f3+ 32. gxf3 gxf3+ 33. Kxf3 Bxc1 34. Qxc1 Rxd3+ 35. Ke2 Qd8 36. Nd6 Rd5 37. Qg1+ Kh7 38. Qg2 h3 39. Qe4+ Kg8 40. f4 Qh4 41. Qe3 Bg4+ 42. Qf3 Bxf3+ 43. Kxf3 h2 44. Ke4 h1=Q+ 45. Kf5 Qh5+ 46. Kf6 Q1h4# 0-1


[Site "https://www.chess.com"]

[Event "Titled Tuesday Blitz April 18 Late 2023"]
[White "Sadhwani, Raunak"]
[Black "Liu, Eric"]
[WhiteFideId "35093487"]
[BlackFideId "30960240"]
[WhiteElo "2631"]
[BlackElo "2094"]
[Result "1-0"]
[Round "03"]
[TimeControl "180+2"]
[Date "2023.04.18"]
[WhiteClock "0:02:05"]
[BlackClock "0:02:06"]

1. Nf3 b6 2. e4 Bb7 3. Nc3 e6 4. d4 Bb4 5. Bd3 Nf6 6. Qe2 d5 7. e5 Ne4 8. O-O Nxc3 9. bxc3 Bxc3 10. Rb1 c5 11. dxc5 Nc6 12. Ba3 g6 13. Bb5 bxc5 14. Bxc5 Qd7 15. Ba4 a6 16. Rb3 Ba5 17. Rfb1 Bc8 18. Nd4 Nxd4 19. Bxd7+ Bxd7 20. Rb8+ Rxb8 21. Rxb8+ Bc8 22. Bxd4 O-O 23. Bc5 Re8 24. Qxa6 Bxa6 25. Rxe8+ Kg7 26. Bf8+ 1-0


[Site "https://www.chess.com"]

[Event "Titled Tuesday Blitz April 18 Late 2023"]
[White "Gupta, Abhijeet"]
[Black "Goncalves, Davi Sulzbacher"]
[WhiteFideId "5010608"]
[BlackFideId "2154510"]
[WhiteElo "2528"]
[BlackElo "2182"]
[Result "1-0"]
[Round "03"]
[TimeControl "180+2"]
[Date "2023.04.18"]
[WhiteClock "0:00:16"]
[BlackClock "0:00:02"]

1. d4 Nf6 2. Nf3 e6 3. Bf4 Bd6 4. e3 b6 5. Bd3 Bb7 6. Nbd2 O-O 7. h4 Bxf4 8. exf4 d6 9. h5 h6 10. Qe2 Nc6 11. c3 Re8 12. O-O-O e5 13. fxe5 dxe5 14. Nxe5 Nxe5 15. dxe5 Rxe5 16. Qxe5 Qxd3 17. Rh3 Qa6 18. Rg3 b5 19. a3 Re8 20. Qxc7 b4 21. Qc4 bxc3 22. Rxc3 Qb6 23. Qc5 Qe6 24. Qxa7 Bxg2 25. Nb3 Qf5 26. Nd4 Qe4 27. Nc2 Qf4+ 28. Ne3 Be4 29. Qd4 Qxf2 30. Qd2 Qf4 31. Nc4 Qb8 32. Nd6 Rd8 33. Qf4 Qa8 34. Nxe4 Rxd1+ 35. Kxd1 Qd5+ 36. Nd2 Qh1+ 37. Kc2 Qxh5 38. Rc8+ Kh7 39. Rc4 g6 40. Qxf6 1-0


[Site "https://www.chess.com"]

[Event "Titled Tuesday Blitz April 18 Late 2023"]
[White "Sargsyan, Shant"]
[Black "Mikhalsky, Vladimir"]
[WhiteFideId "13306766"]
[BlackFideId "14144352"]
[WhiteElo "2628"]
[BlackElo "2236"]
[Result "0-1"]
[Round "03"]
[TimeControl "180+2"]
[Date "2023.04.18"]
[WhiteClock "0:00:07"]
[BlackClock "0:00:05"]

1. c4 c5 2. g3 Nf6 3. Bg2 d5 4. cxd5 Nxd5 5. Nc3 Nc7 6. d3 e5 7. Be3 Be7 8. Rc1 O-O 9. Na4 Nd5 10. Bxc5 Bg5 11. e3 Re8 12. Nc3 Be6 13. Nge2 Na6 14. Ba3 Bxe3 15. Rb1 Bc5 16. O-O Rc8 17. Ne4 Bxa3 18. bxa3 b6 19. Qa4 Nc5 20. Nxc5 Rxc5 21. Rfc1 Ra5 22. Qe4 Nf6 23. Qe3 Bxa2 24. Ra1 Bd5 25. a4 Bxg2 26. Kxg2 Qd5+ 27. f3 Rd8 28. Nc3 Qd4 29. Qxd4 Rxd4 30. Nb5 Rd8 31. Rc7 a6 32. Nd6 Nd5 33. Rb7 f6 34. Nf5 b5 35. Rxg7+ Kh8 36. Ra7 bxa4 37. Rb1 Rb5 38. Rc1 a3 39. Rxa6 Rb2+ 40. Kh3 a2 41. Rd6 Ra8 42. Ra6 Rab8 43. Ra1 Nb4 44. Ra4 h5 45. Kh4 Rxh2# 0-1


[Site "https://www.chess.com"]

[Event "Titled Tuesday Blitz April 18 Late 2023"]
[White "Miszler, Levente"]
[Black "Paravyan, David"]
[WhiteFideId "763276"]
[BlackFideId "4194985"]
[WhiteElo "2176"]
[BlackElo "2563"]
[Result "0-1"]
[Round "03"]
[TimeControl "180+2"]
[Date "2023.04.18"]
[WhiteClock "0:00:03"]
[BlackClock "0:00:21"]

1. Nf3 d5 2. c4 d4 3. e3 Nc6 4. exd4 Nxd4 5. Nxd4 Qxd4 6. Nc3 Nh6 7. d3 Nf5 8. Nb5 Qd8 9. Bf4 e5 10. Bxe5 Bb4+ 11. Bc3 Bxc3+ 12. Nxc3 O-O 13. Be2 Qg5 14. O-O Nh4 15. Bf3 Bh3 16. Ne4 Qg6 17. Ng3 Be6 18. d4 Bxc4 19. Bxb7 Rab8 20. Be4 f5 21. Qc2 Bxf1 22. Bd5+ Kh8 23. Rxf1 f4 24. Qxg6 hxg6 25. Ne4 Rxb2 26. Rc1 Rd8 27. g3 Nf5 28. Bf7 Nxd4 29. Rxc7 f3 30. h4 Kh7 31. Ng5+ Kh6 32. Rxa7 Rc8 33. Ra6 Rc1+ 34. Kh2 Rxf2+ 35. Kh3 Nc6 36. Bg8 Ne5 37. Nf7+ Nxf7 38. Bxf7 Rfc2 39. Rxg6+ Kh7 40. Rd6 Rc6 41. Bg6+ Kh6 42. Rxc6 Rxc6 43. Be4 Rf6 44. Bd3 g5 45. hxg5+ Kxg5 46. g4 Kf4 47. g5 Rd6 48. g6 Rxd3 0-1


[Site "https://www.chess.com"]

[Event "Titled Tuesday Blitz April 18 Late 2023"]
[White "Rustemov, Alexander"]
[Black "Jovic, Stanoje"]
[WhiteFideId "4119002"]
[BlackFideId "905020"]
[WhiteElo "2855"]
[BlackElo "2236"]
[Result "1-0"]
[Round "03"]
[TimeControl "180+2"]
[Date "2023.04.18"]
[WhiteClock "0:00:22"]
[BlackClock "0:00:04"]

1. d4 Nf6 2. c4 e6 3. Nf3 b6 4. a3 d5 5. cxd5 exd5 6. Bg5 h6 7. Bh4 Be7 8. Nc3 O-O 9. e3 Bb7 10. Bd3 Ne4 11. Bxe7 Qxe7 12. Rc1 c5 13. O-O Nd7 14. dxc5 bxc5 15. Re1 Rfd8 16. Qc2 Ndf6 17. h3 Rac8 18. Nd2 Re8 19. Ndxe4 Nxe4 20. Bxe4 dxe4 21. Red1 Qg5 22. Ne2 Ba6 23. Nf4 Qe5 24. Rd5 Qe7 25. Rxc5 Rxc5 26. Qxc5 Qb7 27. b4 Bd3 28. Qc6 Qb8 29. Qd7 Rd8 30. Qc7 Qa8 31. Nh5 Re8 32. Qg3 g6 33. Nf6+ Kg7 34. Nxe8+ Qxe8 35. Rc7 a6 36. Qd6 h5 37. Qe7 Qg8 38. h4 Bb1 39. a4 Bd3 40. Kh2 Bb1 41. b5 axb5 42. axb5 Ba2 43. Qe5+ 1-0


[Site "https://www.chess.com"]

[Event "Titled Tuesday Blitz April 18 Late 2023"]
[White "Shubenkova, Veronika"]
[Black "Fier, Alexandr"]
[WhiteFideId "44124040"]
[BlackFideId "2107139"]
[WhiteElo "2027"]
[BlackElo "2610"]
[Result "0-1"]
[Round "03"]
[TimeControl "180+2"]
[Date "2023.04.18"]
[WhiteClock "0:00:04"]
[BlackClock "0:00:15"]

1. e4 c5 2. Nc3 a6 3. g3 b5 4. Bg2 Bb7 5. d3 e6 6. Bd2 Nc6 7. f4 Be7 8. Nf3 Qc7 9. O-O d6 10. Ne2 Nf6 11. h3 Nd7 12. g4 d5 13. Ng3 dxe4 14. Nxe4 h5 15. g5 g6 16. Bc3 Rf8 17. Nf6+ Nxf6 18. gxf6 Bd6 19. Ne5 O-O-O 20. Nxc6 Bxc6 21. Bxc6 Qxc6 22. Qe2 Kb7 23. a3 Bc7 24. Rae1 Rd5 25. h4 Rfd8 26. Qg2 Rf5 27. Re4 Rdd5 28. b4 cxb4 29. Bxb4 Rxf6 30. c4 Rxd3 31. cxb5 axb5 32. a4 Bb6+ 33. Kh2 bxa4 34. Be7 Rf5 35. Rb1 Rb3 36. Rc1 Qd5 37. Qc2 Rb2 38. Qxb2 Qxe4 39. Bd6 Rxf4 40. Bxf4 Qxf4+ 41. Kg2 Qe4+ 42. Kf1 Qd3+ 43. Kg2 a3 44. Qb4 a2 45. Qe7+ Ka6 46. Qb4 Qe2+ 47. Kh1 Qf3+ 48. Kh2 Qf2+ 49. Kh1 Qd4 50. Qa3+ Kb5 51. Qb3+ Qb4 52. Qxa2 Qxh4+ 53. Kg2 Qg4+ 54. Kh1 Qh3+ 55. Qh2 Qxh2+ 56. Kxh2 Bd4 57. Rc7 f5 58. Kg3 e5 59. Kh4 e4 60. Kg5 e3 61. Re7 Kc4 62. Kxg6 f4 63. Kxh5 f3 64. Kg4 f2 0-1


[Site "https://www.chess.com"]

[Event "Titled Tuesday Blitz April 18 Late 2023"]
[White "Koc, Przemyslaw"]
[Black "Timmermans, Mark"]
[WhiteFideId "1109081"]
[BlackFideId "1026399"]
[WhiteElo "2161"]
[BlackElo "2460"]
[Result "1/2-1/2"]
[Round "03"]
[TimeControl "180+2"]
[Date "2023.04.18"]
[WhiteClock "0:00:18"]
[BlackClock "0:00:24"]

1. d4 Nf6 2. Bg5 Ne4 3. Bf4 c5 4. dxc5 Qa5+ 5. Nd2 Nxd2 6. Qxd2 Qxc5 7. e4 Nc6 8. Be3 Qe5 9. O-O-O d6 10. Bd3 Bg4 11. f3 Bd7 12. f4 Qa5 13. Qxa5 Nxa5 14. Nf3 Nc6 15. a3 g6 16. e5 dxe5 17. Nxe5 Nxe5 18. fxe5 Bg7 19. Bf4 O-O 20. Be4 Bg4 21. Bxb7 Rab8 22. Bf3 Bxf3 23. gxf3 Rb7 24. b4 a5 25. c3 f6 26. e6 f5 27. Rd7 Rb6 28. Rxe7 Bxc3 29. Rd1 axb4 30. Rd6 Rxd6 31. Bxd6 Rc8 32. Kb1 bxa3 33. Bxa3 Bg7 34. Rd7 Re8 35. Be7 g5 36. Kc2 g4 37. fxg4 fxg4 38. Kd3 Bf8 39. Bxf8 Kxf8 40. Rxh7 Rxe6 41. Rh4 Kg7 42. Rxg4+ Rg6 43. h3 Rxg4 44. hxg4 Kf6 45. g5+ Kxg5 1/2-1/2


[Site "https://www.chess.com"]

[Event "Titled Tuesday Blitz April 18 Late 2023"]
[White "QuiesPrecatio"]
[Black "Holt, Conrad"]
[BlackFideId "2034387"]
[WhiteElo "2453"]
[BlackElo "2592"]
[Result "0-1"]
[Round "03"]
[TimeControl "180+2"]
[Date "2023.04.18"]
[WhiteClock "0:00:12"]
[BlackClock "0:01:03"]

1. d4 d5 2. c4 c6 3. cxd5 cxd5 4. Nc3 Nc6 5. Bf4 Nf6 6. e3 Bf5 7. Nf3 e6 8. Qb3 Bb4 9. Bb5 Bxc3+ 10. Qxc3 O-O 11. O-O Rc8 12. Rfc1 Ne4 13. Qe1 g5 14. Bg3 h5 15. h3 Qb6 16. Bxc6 Rxc6 17. Rxc6 bxc6 18. b3 c5 19. dxc5 Qxc5 20. Be5 Rc8 21. Bd4 Qc7 22. Be5 Qe7 23. Bb2 Rc2 24. Bd4 Nxf2 25. Qa5 Be4 26. Qxa7 Nxh3+ 27. gxh3 Qxa7 28. Bxa7 Bxf3 29. a4 g4 30. hxg4 h4 31. Rf1 Rg2+ 32. Kh1 Be4 33. Rf4 h3 34. Bb8 Rb2+ 35. Rxe4 dxe4 36. a5 Rxb3 37. Bc7 Rxe3 38. a6 Ra3 0-1


[Site "https://www.chess.com"]

[Event "Titled Tuesday Blitz April 18 Late 2023"]
[White "Storey, Charles H"]
[Black "Mekhitarian, Krikor Sevag"]
[WhiteFideId "406686"]
[BlackFideId "2107660"]
[WhiteElo "2196"]
[BlackElo "2604"]
[Result "1-0"]
[Round "03"]
[TimeControl "180+2"]
[Date "2023.04.18"]
[WhiteClock "0:00:29"]
[BlackClock "0:01:02"]

1. e4 c5 2. Nf3 e6 3. d3 d5 4. Nbd2 Bd6 5. g3 Nc6 6. Bg2 Nge7 7. O-O O-O 8. Re1 Bc7 9. h4 h6 10. Qe2 b6 11. Nf1 f5 12. e5 Ng6 13. Bf4 Nxf4 14. gxf4 Bd7 15. Ng3 Be8 16. Kh2 Qd7 17. c3 Bd8 18. Rg1 Kh8 19. Bh3 Be7 20. Rg2 Qd8 21. Rh1 b5 22. Kg1 a5 23. Ng5 Qd7 24. Nh5 Rg8 25. Kf1 b4 26. Rhg1 bxc3 27. Nxe6 Qxe6 28. Nxg7 cxb2 29. Qxb2 Qf7 30. Nxf5 Rxg2 31. Rxg2 Rb8 32. Qa1 Qh7 33. Rg7 Qxg7 34. Nxg7 Kxg7 35. f5 Bxh4 36. f6+ Kf8 37. Qc1 1-0


[Site "https://www.chess.com"]

[Event "Titled Tuesday Blitz April 18 Late 2023"]
[White "Sprenar, Petr"]
[Black "Rozman, Levy"]
[WhiteFideId "397164"]
[BlackFideId "2039877"]
[WhiteElo "2182"]
[BlackElo "2376"]
[Result "1/2-1/2"]
[Round "03"]
[TimeControl "180+2"]
[Date "2023.04.18"]
[WhiteClock "0:00:08"]
[BlackClock "0:00:05"]

1. d4 d5 2. c4 e6 3. Nf3 a6 4. g3 dxc4 5. Bg2 Nd7 6. O-O Ngf6 7. a4 Rb8 8. Bg5 h6 9. Bxf6 Nxf6 10. Ne5 Be7 11. Nxc4 O-O 12. Nc3 c5 13. dxc5 Bxc5 14. Qxd8 Rxd8 15. Rfd1 Bd7 16. a5 Kf8 17. Nd6 Bc6 18. Bxc6 bxc6 19. Nde4 Bd4 20. Nxf6 gxf6 21. Rac1 Ke7 22. Na4 Rb5 23. e3 Rxa5 24. Rxc6 Rxa4 25. exd4 Rd6 26. Rc7+ Kf8 27. Ra7 Kg7 28. Rc1 Rd8 29. Rcc7 Rf8 30. Rd7 Kg6 31. Rd6 Rb4 32. Raxa6 Rxb2 33. d5 Re2 34. dxe6 fxe6 35. Rxe6 Rxe6 36. Rxe6 h5 37. Re3 Kg5 38. Kg2 Kg6 39. h4 Rb8 40. Kf3 Rb4 41. Re4 Rb3+ 42. Kf4 Rb5 43. f3 Rb1 44. g4 Rg1 45. Re6 Kf7 46. Ra6 hxg4 47. fxg4 Rf1+ 48. Kg3 Rg1+ 49. Kh3 Rh1+ 50. Kg3 Rg1+ 51. Kf3 Rf1+ 52. Ke2 Rf4 53. g5 fxg5 54. hxg5 Rg4 55. g6+ Rxg6 56. Rxg6 Kxg6 1/2-1/2


[Site "https://www.chess.com"]

[Event "Titled Tuesday Blitz April 18 Late 2023"]
[White "Prydun, Andriy"]
[Black "Ashraf, Artin"]
[WhiteFideId "14145898"]
[BlackFideId "22514805"]
[WhiteElo "2164"]
[BlackElo "2188"]
[Result "0-1"]
[Round "03"]
[TimeControl "180+2"]
[Date "2023.04.18"]
[WhiteClock "0:01:46"]
[BlackClock "0:01:53"]

1. e4 e5 2. Nf3 Nc6 3. c3 d5 4. Qa4 Nf6 5. Nxe5 Bd6 6. Nxc6 bxc6 7. e5 Bxe5 8. Be2 O-O 9. O-O Re8 10. Bf3 Qd6 11. h3 Ne4 12. d3 Bh2+ 13. Kh1 Nxf2+ 0-1


[Site "https://www.chess.com"]

[Event "Titled Tuesday Blitz April 18 Late 2023"]
[White "D`Arruda, Ricardo D."]
[Black "Klukin, Kirill"]
[WhiteFideId "100692"]
[BlackFideId "24199273"]
[WhiteElo "2442"]
[BlackElo "2344"]
[Result "1/2-1/2"]
[Round "03"]
[TimeControl "180+2"]
[Date "2023.04.18"]
[WhiteClock "0:00:13"]
[BlackClock "0:00:09"]

1. d4 Nf6 2. Nf3 e6 3. Nc3 d5 4. g3 Bb4 5. Bg2 O-O 6. O-O Bxc3 7. bxc3 Nbd7 8. a4 a5 9. Qd3 b6 10. Ba3 Ba6 11. Qe3 Re8 12. Ne5 Nxe5 13. dxe5 Nd7 14. f4 c5 15. h4 Qc7 16. h5 h6 17. g4 b5 18. axb5 Bxb5 19. Rf2 Rac8 20. Qg3 f6 21. exf6 Nxf6 22. Qh4 Qf7 23. Bf3 Nd7 24. g5 Bc6 25. Bc1 d4 26. Rxa5 Bxf3 27. Rxf3 Qf5 28. Ra7 Red8 29. gxh6 Qxc2 30. Qe7 Qh7 31. Rg3 Qxh6 32. Rxd7 Rxd7 33. Qxd7 Rf8 34. Kg2 Rf7 35. Qd8+ Rf8 36. Qe7 Qh7 37. Qd7 Qe4+ 38. Kh3 Rf7 39. Qe8+ Rf8 40. Qg6 Qxg6 41. Rxg6 dxc3 42. Rxe6 Ra8 43. Re3 c2 44. Rc3 Ra2 45. Be3 Kh7 46. Rxc5 Ra3 47. Kg2 Rxe3 48. Rxc2 Kh6 49. Kf2 Rh3 50. Rc5 Kh7 51. e3 Kg8 52. Ke2 Kf7 53. Kd3 Kf6 54. Ke4 Ke6 55. Rg5 Kf6 56. Rf5+ Ke6 57. Rg5 Kf6 58. Rg6+ Kf7 59. Rg5 Kf6 1/2-1/2


[Site "https://www.chess.com"]

[Event "Titled Tuesday Blitz April 18 Late 2023"]
[White "Hasangatin, Ramil"]
[Black "Kubatko, Ivan"]
[WhiteFideId "4122160"]
[BlackFideId "24111473"]
[WhiteElo "2275"]
[BlackElo "2285"]
[Result "1-0"]
[Round "03"]
[TimeControl "180+2"]
[Date "2023.04.18"]
[WhiteClock "0:02:29"]
[BlackClock "0:00:06"]

1. e4 d5 2. exd5 Qxd5 3. Nc3 Qa5 4. d4 Nf6 5. Bd2 c6 6. Qe2 Bf5 7. O-O-O e6 8. Kb1 Nbd7 9. Nf3 Qc7 10. Nh4 Bg6 11. Nxg6 hxg6 12. g3 Bd6 13. Bg2 O-O-O 14. Bg5 Rde8 15. h4 Kb8 16. Rhe1 Nb6 17. Ne4 Nxe4 18. Qxe4 e5 19. dxe5 Rxe5 20. Qd3 Rhe8 21. Bf4 Nd5 22. Bxe5 1-0


[Site "https://www.chess.com"]

[Event "Titled Tuesday Blitz April 18 Late 2023"]
[White "Shapiro, Viktor"]
[Black "Weetik, Vjacheslav"]
[WhiteFideId "4175700"]
[BlackFideId "4153472"]
[WhiteElo "2152"]
[BlackElo "2469"]
[Result "0-1"]
[Round "03"]
[TimeControl "180+2"]
[Date "2023.04.18"]
[WhiteClock "0:00:13"]
[BlackClock "0:00:11"]

1. Nf3 Nf6 2. g3 g6 3. Bg2 Bg7 4. O-O O-O 5. d3 d5 6. Nbd2 c5 7. c4 d4 8. a3 a5 9. Rb1 Nc6 10. Ne1 e5 11. Nc2 Qd6 12. b4 axb4 13. axb4 cxb4 14. Nb3 Bf5 15. Bd2 Ra4 16. c5 Qe6 17. Nbxd4 exd4 18. Bxc6 bxc6 19. Nxd4 Qa2 20. Nxc6 Nd5 21. e4 Nc3 22. Bxc3 bxc3 23. Nb4 Rxb4 24. Rxb4 Bh3 25. Re1 Qd2 26. Rc4 Rd8 27. Qxd2 cxd2 28. Rd1 Rxd3 29. c6 Be5 30. c7 Bxc7 31. Rxc7 Bg4 32. Rcc1 dxc1=Q 33. Rxc1 Bf3 34. Re1 g5 35. h3 h5 36. g4 hxg4 37. hxg4 Bxg4 38. Kg2 Be6 39. e5 Kg7 0-1


[Site "https://www.chess.com"]

[Event "Titled Tuesday Blitz April 18 Late 2023"]
[White "WindWhistler11"]
[Black "Matinian, Nikita"]
[BlackFideId "24129100"]
[WhiteElo "2437"]
[BlackElo "2422"]
[Result "0-1"]
[Round "03"]
[TimeControl "180+2"]
[Date "2023.04.18"]
[WhiteClock "0:01:19"]
[BlackClock "0:02:10"]

1. Nf3 Nf6 2. g3 g6 3. Bg2 Bg7 4. O-O O-O 5. c3 d6 6. a4 c5 7. b4 cxb4 8. cxb4 Ne4 9. Ra3 a5 10. b5 Nd7 11. Ne1 f5 12. f3 Nef6 13. d4 Nb6 14. e4 fxe4 15. fxe4 Bg4 16. Qb3+ Kh8 17. Be3 Be2 18. Rf2 Bc4 19. Qd1 d5 20. e5 Ne4 21. Rxf8+ Qxf8 22. Nf3 e6 23. Nbd2 Qxa3 0-1


[Site "https://www.chess.com"]

[Event "Titled Tuesday Blitz April 18 Late 2023"]
[White "Feng, Eric"]
[Black "ElenGajger"]
[WhiteFideId "30952590"]
[WhiteElo "1785"]
[BlackElo "2434"]
[Result "1-0"]
[Round "03"]
[TimeControl "180+2"]
[Date "2023.04.18"]
[WhiteClock "0:00:23"]
[BlackClock "0:00:02"]

1. d4 Nf6 2. c4 g6 3. g3 Bg7 4. Bg2 O-O 5. Nf3 d5 6. O-O dxc4 7. Na3 c3 8. bxc3 c5 9. Bf4 Nc6 10. Nc4 Nd5 11. Be5 Nxc3 12. Qc2 cxd4 13. Bxg7 Kxg7 14. e3 Bf5 15. Qd2 Ne4 16. Qb2 Qd5 17. Rac1 Rfd8 18. Rfd1 b5 19. Nxd4 Kg8 20. Qxb5 Nxd4 21. Qxd5 Rxd5 22. Rxd4 Rxd4 23. exd4 Rc8 24. g4 Be6 25. Bxe4 Rxc4 26. Rxc4 Bxc4 27. a3 e6 28. h3 Bd5 29. Bd3 f5 30. g5 Kf7 31. f4 Ke7 32. Kf2 Kd6 33. Ke2 Bg2 34. h4 Bc6 35. Kd2 a5 36. Kc3 Bd5 37. Bc4 Bxc4 38. Kxc4 Kc6 39. a4 Kd6 40. Kb5 Kd5 41. Kxa5 Kxd4 42. Kb6 e5 43. fxe5 Kxe5 44. a5 f4 45. a6 f3 46. a7 f2 47. a8=Q f1=Q 48. Qe8+ Kd4 49. Qd7+ Ke3 50. Qxh7 Qb1+ 51. Kc6 Kf4 52. Kd6 Kg4 53. Ke6 Qf5+ 54. Ke7 Qe5+ 55. Kf7 Qf5+ 56. Kg7 1-0


[Site "https://www.chess.com"]

[Event "Titled Tuesday Blitz April 18 Late 2023"]
[White "Melikhov, Evgeny V."]
[Black "Barrientos, Sergio E"]
[WhiteFideId "4122046"]
[BlackFideId "4401824"]
[WhiteElo "2158"]
[BlackElo "2423"]
[Result "1-0"]
[Round "03"]
[TimeControl "180+2"]
[Date "2023.04.18"]
[WhiteClock "0:00:15"]
[BlackClock "0:00:23"]

1. d4 Nf6 2. c4 e6 3. Nc3 Bb4 4. Qc2 b6 5. e4 Bb7 6. e5 Ne4 7. Nf3 c5 8. a3 Ba5 9. dxc5 bxc5 10. Bd3 Nxc3 11. bxc3 Bxf3 12. gxf3 Nc6 13. Bf4 Nd4 14. Qc1 Nb3 15. Qb2 Nxa1 16. Qxa1 Qh4 17. Bg3 Qd4 18. Kd2 Rb8 19. Kc2 Bxc3 20. Qxc3 Qxc3+ 21. Kxc3 Rb6 22. Rb1 Ke7 23. Rxb6 axb6 24. Bf4 Ra8 25. Kb3 f6 26. Bxh7 Rh8 27. Bg6 Rh3 28. Be4 f5 29. Bb7 Kd8 30. Bg3 g5 31. f4 gxf4 32. Bg2 Rh7 33. Bxf4 Ke7 34. h4 Kf7 35. Bg5 Kg6 36. f4 Rh8 37. Bf3 Ra8 38. Bxa8 Kg7 39. Bf3 1-0


[Site "https://www.chess.com"]

[Event "Titled Tuesday Blitz April 18 Late 2023"]
[White "Martinez Ramirez, Lennis"]
[Black "Mazurkiewicz, Michal"]
[WhiteFideId "3509079"]
[BlackFideId "1124943"]
[WhiteElo "2410"]
[BlackElo "2054"]
[Result "1-0"]
[Round "03"]
[TimeControl "180+2"]
[Date "2023.04.18"]
[WhiteClock "0:00:59"]
[BlackClock "0:00:03"]

1. c4 Nf6 2. Nc3 g6 3. e4 d6 4. d4 Bg7 5. Nf3 O-O 6. h3 c5 7. d5 e6 8. Bg5 h6 9. Be3 exd5 10. exd5 Re8 11. Bd3 Nbd7 12. O-O Ne5 13. Nxe5 Rxe5 14. Qd2 Kh7 15. Rae1 Bf5 16. f4 Re8 17. Bxf5 gxf5 18. Qd3 Ne4 19. Bd2 Nxd2 20. Qxd2 Bd4+ 21. Kh2 Qf6 22. Nb5 Bxb2 23. Rb1 Bd4 24. Nc7 Be3 25. Qd3 Rac8 26. Nxe8 Rxe8 27. Rxb7 Re4 28. g3 Qd4 29. Qxd4 cxd4 30. Rd1 Bf2 31. Kg2 Re2 32. Kf3 Rxa2 33. Rxf7+ Kg6 34. Rd7 Be3 35. Rxd6+ Kf7 36. Rf1 Rh2 37. Rxh6 Kg7 38. Ra6 Rc2 39. Rxa7+ Kf6 40. Ra6+ Ke7 41. Re6+ Kd7 42. Rxe3 dxe3 43. Kxe3 Rxc4 44. Rd1 Rc3+ 45. Rd3 Rc2 46. d6 Rh2 47. h4 Rg2 48. Kf3 Rg1 49. Rd5 Ke6 50. Re5+ Kxd6 51. Rxf5 Ke6 52. Rf8 Ra1 53. Kg4 Ke7 54. Rf5 Ke6 55. h5 Ra3 56. h6 Ra7 57. Rh5 Rh7 58. Kg5 Kf7 59. f5 Rh8 60. h7 Kg7 61. g4 Kf7 62. Kh6 Kf6 63. g5+ Kf7 64. g6+ Kf6 65. g7 1-0


[Site "https://www.chess.com"]